BSA
IRVINE GANG GREEN @ MAUI TROPICS
09/27/2029
 
TOP OF THE 1ST
Irvine Gang Green batting - Pitching for Maui Tropics : RHP Júlio González
Pitching: RHP Júlio González
Batting: LHB Tony Tavárez 0-0: Reached on error, E6 (Groundball, 6)
Batting: LHB Francisco Cardenas 0-0: Called Strike
0-1: Ball
1-1: Ball
2-1: Called Strike
2-2: Grounds out, U3 (Groundball, 3L)
Batting: RHB Buck Jones 0-0: Ball
1-0: Foul Ball, location: 2F
1-1: Foul Ball, location: 2F
1-2: Foul Ball, location: 2F
1-2: Ground out U3 (Groundball, 34S)
Tony Tavárez to third
Batting: LHB Víctor Quiñones 0-0: Swinging Strike
0-1: Ball
1-1: Ball
2-1: Ball
3-1: Swinging Strike
3-2: DOUBLE (Flyball, 8RXD)
Tony Tavárez scores
Batting: LHB Donovan Bird 0-0: Ball
1-0: Foul Ball, location: 2F
1-1: Ball
2-1: Called Strike
2-2: Foul Ball, location: 2F
2-2: Ball
3-2: Base on Balls
Batting: RHB José Salazar 0-0: Called Strike
0-1: Reached on error, E6 (Groundball, 6)
Víctor Quiñones to third
Donovan Bird to second
Batting: RHB Tom Doherty 0-0: Ball
1-0: Ball
2-0: Called Strike
2-1: Ground out 1-3 (Groundball, 15)
Top of the 1st over - 1 run, 1 hit, 2 errors, 3 left on base; Irvine 1 - Maui 0
BOTTOM OF THE 1ST
Maui Tropics batting - Pitching for Irvine Gang Green : LHP Masutaro Koyama
Pitching: LHP Masutaro Koyama
Batting: RHB Roberto Gómez 0-0: Ball
1-0: SINGLE (Groundball, 56) (infield hit)
Batting: LHB Dave Cook 0-0: Ball
1-0: Swinging Strike
1-1: Ball
2-1: Swinging Strike
2-2: Ball
3-2: Strikes out looking
Batting: RHB Jesús Espinoza 0-0: Ball
1-0: Called Strike
1-1: Swinging Strike
1-2: DOUBLE (Line Drive, 9LM)
Roberto Gómez to third
Batting: LHB Ernesto López 0-0: Fly out, F7 (Line Drive, 78D)
Runner from 3rd tags up, SCORES, no throw
Batting: LHB Luis Antonio Torres 0-0: Called Strike
0-1: Ball
1-1: Ball
2-1: Foul Ball, location: 2F
2-2: Strikes out looking
Bottom of the 1st over - 1 run, 2 hits, 0 errors, 1 left on base; Irvine 1 - Maui 1
TOP OF THE 2ND
Irvine Gang Green batting - Pitching for Maui Tropics : RHP Júlio González
Batting: RHB Ron Elazar 0-0: Bunted foul
0-1: Ball
1-1: Ball
2-1: Called Strike
2-2: Strikes out looking
Batting: SHB Carlos Córdova 0-0: Ball
1-0: Ball
2-0: Ball
3-0: Base on Balls
Batting: LHB Tony Tavárez 0-0: Called Strike
0-1: Ball
1-1: Ball
2-1: Ball
3-1: DOUBLE (Groundball, 3L)
Carlos Córdova to third
Batting: LHB Francisco Cardenas 0-0: Ball
1-0: Called Strike
1-1: Foul Ball, location: 2F
1-2: Ball
2-2: Ball
3-2: Foul Ball, location: 2F
3-2: Ground out 4-3 (Groundball, 34D)
Carlos Córdova scores
Tony Tavárez to third
Batting: RHB Buck Jones 0-0: Called Strike
0-1: Ball
1-1: Foul Ball, location: 2F
1-2: Foul Ball, location: 2F
1-2: Ball
2-2: Ball
3-2: Base on Balls
Batting: LHB Víctor Quiñones 0-0: Foul Ball, location: 2F
0-1: Called Strike
0-2: Ball
1-2: Foul Ball, location: 2F
1-2: Strikes out looking
Top of the 2nd over - 1 run, 1 hit, 0 errors, 2 left on base; Irvine 2 - Maui 1
BOTTOM OF THE 2ND
Maui Tropics batting - Pitching for Irvine Gang Green : LHP Masutaro Koyama
Batting: RHB Michael Woodruff 0-0: Foul Ball, location: 2F
0-1: Ball
1-1: Swinging Strike
1-2: Ball
2-2: Strikes out swinging
Batting: LHB José Rivas 0-0: Called Strike
0-1: SINGLE (Groundball, 56D)
Batting: RHB Matt Silver 0-0: SINGLE (Line Drive, 7LS)
José Rivas to second
José Rivas to third
Batting: RHB John Brown 0-0: Swinging Strike
0-1: Ball
1-1: Ball
2-1: Grounds into double play, 6-4-3 (Groundball, 6)
Bottom of the 2nd over - 0 runs, 2 hits, 0 errors, 1 left on base; Irvine 2 - Maui 1
TOP OF THE 3RD
Irvine Gang Green batting - Pitching for Maui Tropics : RHP Júlio González
Batting: LHB Donovan Bird 0-0: Ball
1-0: Ground out 3-1 (Groundball, 34)
Batting: RHB José Salazar 0-0: Foul Ball, location: 2F
0-1: Called Strike
0-2: Ball
1-2: Foul Ball, location: 2F
1-2: Foul Ball, location: 2F
1-2: Ball
2-2: Strikes out swinging
Batting: RHB Tom Doherty 0-0: Ball
1-0: Called Strike
1-1: Fly out, F8 (Line Drive, 8RM)
Top of the 3rd over - 0 runs, 0 hits, 0 errors, 0 left on base; Irvine 2 - Maui 1
BOTTOM OF THE 3RD
Maui Tropics batting - Pitching for Irvine Gang Green : LHP Masutaro Koyama
Batting: RHB Roberto Gómez 0-0: Called Strike
0-1: Reached on error, E5 (Groundball, 5)
Batting: LHB Dave Cook 0-0: Called Strike
0-1: Ball
1-1: Called Strike
1-2: Strikes out swinging
Batting: RHB Jesús Espinoza 0-0: Ball
Roberto Gómez is caught stealing 2nd base
1-0: Foul Ball, location: 2F
1-1: Fly out, F8 (Flyball, 8RD)
Bottom of the 3rd over - 0 runs, 0 hits, 1 error, 0 left on base; Irvine 2 - Maui 1
TOP OF THE 4TH
Irvine Gang Green batting - Pitching for Maui Tropics : RHP Júlio González
Batting: RHB Ron Elazar 0-0: Ground out 4-3 (Groundball, 4)
Batting: SHB Carlos Córdova 0-0: Ball
1-0: Ball
2-0: Called Strike
2-1: Fly out, F7 (Flyball, 7)
Batting: LHB Tony Tavárez 0-0: Ground out 4-3 (Groundball, 4)
Top of the 4th over - 0 runs, 0 hits, 0 errors, 0 left on base; Irvine 2 - Maui 1
BOTTOM OF THE 4TH
Maui Tropics batting - Pitching for Irvine Gang Green : LHP Masutaro Koyama
Batting: LHB Ernesto López 0-0: Swinging Strike
0-1: Ball
1-1: Foul Ball, location: 2F
1-2: Ground out 4-3 (Groundball, 34D)
Batting: LHB Luis Antonio Torres 0-0: Called Strike
0-1: Fly out, F8 (Flyball, 8LD)
Batting: RHB Michael Woodruff 0-0: Ball
1-0: Called Strike
1-1: Foul Ball, location: 2F
1-2: Strikes out looking
Bottom of the 4th over - 0 runs, 0 hits, 0 errors, 0 left on base; Irvine 2 - Maui 1
TOP OF THE 5TH
Irvine Gang Green batting - Pitching for Maui Tropics : RHP Júlio González
Batting: LHB Francisco Cardenas 0-0: Ball
1-0: Foul Ball, location: 2F
1-1: Foul Ball, location: 2F
1-2: Foul Ball, location: 2F
1-2: Strikes out swinging
Batting: RHB Buck Jones 0-0: Swinging Strike
0-1: Ball
1-1: DOUBLE (Flyball, 89XD)
Batting: LHB Víctor Quiñones 0-0: Foul Ball, location: 2F
0-1: Called Strike
0-2: Ball
1-2: Ball
2-2: Fly out, F9 (Flyball, 9)
Batting: LHB Donovan Bird 0-0: Called Strike
0-1: Ball
1-1: Swinging Strike
1-2: Strikes out swinging
Top of the 5th over - 0 runs, 1 hit, 0 errors, 1 left on base; Irvine 2 - Maui 1
BOTTOM OF THE 5TH
Maui Tropics batting - Pitching for Irvine Gang Green : LHP Masutaro Koyama
Batting: LHB José Rivas 0-0: Foul Ball, location: 2F
0-1: Fly out, F5 (Line Drive, 5)
Batting: RHB Matt Silver 0-0: Ball
1-0: Ground out 5-3 (Groundball, 56)
Batting: RHB John Brown 0-0: Called Strike
0-1: Fly out, F8 (Flyball, 8RS)
Bottom of the 5th over - 0 runs, 0 hits, 0 errors, 0 left on base; Irvine 2 - Maui 1
TOP OF THE 6TH
Irvine Gang Green batting - Pitching for Maui Tropics : RHP Júlio González
Batting: RHB José Salazar 0-0: Called Strike
0-1: Foul Ball, location: 2F
0-2: Foul Ball, location: 2F
0-2: Ball
1-2: Foul Ball, location: 2F
1-2: Ball
2-2: Ball
3-2: SINGLE (Groundball, 6MD)
Batting: RHB Tom Doherty 0-0: Ball
1-0: Foul Ball, location: 2F
1-1: Ball
2-1: SINGLE (Line Drive, 9S)
José Salazar to second
Pitching: RHP Manny Benavides
Batting: RHB Ron Elazar 0-0: SINGLE (Flyball, 7LS)
José Salazar to third
Tom Doherty to second
Batting: SHB Carlos Córdova 0-0: Called Strike
0-1: Ball
1-1: Foul Ball, location: 2F
1-2: Grounds into double play, 1-2-3 (Groundball, 13)
Tom Doherty to third
Ron Elazar to second
Batting: LHB Tony Tavárez 0-0: Ball
1-0: Called Strike
1-1: Foul Ball, location: 2F
1-2: Strikes out swinging
Top of the 6th over - 0 runs, 3 hits, 0 errors, 2 left on base; Irvine 2 - Maui 1
BOTTOM OF THE 6TH
Maui Tropics batting - Pitching for Irvine Gang Green : LHP Masutaro Koyama
Batting: RHB Roberto Gómez 0-0: Swinging Strike
0-1: Foul Ball, location: 2F
0-2: Fly out, F7 (Flyball, 78S)
Batting: LHB Dave Cook 0-0: Ball
1-0: Ball
2-0: Foul Ball, location: 2F
2-1: Ball
3-1: Foul Ball, location: 2F
3-2: Foul Ball, location: 2F
3-2: Fly out, F7 (Flyball, 7LD)
Batting: RHB Jesús Espinoza 0-0: Called Strike
0-1: Foul Ball, location: 2F
0-2: Ball
1-2: Foul Ball, location: 2F
1-2: Strikes out swinging
Bottom of the 6th over - 0 runs, 0 hits, 0 errors, 0 left on base; Irvine 2 - Maui 1
TOP OF THE 7TH
Irvine Gang Green batting - Pitching for Maui Tropics : RHP Manny Benavides
Batting: LHB Francisco Cardenas 0-0: Called Strike
0-1: Ground out U3 (Groundball, 3)
Batting: RHB Buck Jones 0-0: SOLO HOME RUN (Flyball, 9LD), Distance : 340 ft
Batting: LHB Víctor Quiñones 0-0: Ball
1-0: Foul Ball, location: 2F
1-1: Fly out, F9 (Flyball, 89D)
Batting: LHB Donovan Bird 0-0: Foul Ball, location: 2F
0-1: Ball
1-1: Foul Ball, location: 2F
1-2: Foul Ball, location: 2F
1-2: Ball
2-2: Foul Ball, location: 2F
2-2: SINGLE (Groundball, 4MD)
Batting: RHB José Salazar 0-0: Called Strike
0-1: Ball
1-1: Foul Ball, location: 2F
1-2: Ball
2-2: Ball
3-2: Base on Balls
Donovan Bird to second
Batting: RHB Tom Doherty 0-0: Ball
1-0: Ball
2-0: Called Strike
2-1: Foul Ball, location: 2F
2-2: Ball
3-2: Foul Ball, location: 2F
3-2: Foul Ball, location: 2F
3-2: SINGLE (Line Drive, 78S)
Donovan Bird to third
José Salazar to second
Donovan Bird scores
José Salazar to third
Batting: RHB Ron Elazar 0-0: Called Strike
0-1: Ball
1-1: Ball
2-1: Foul Ball, location: 2F
2-2: Ball
3-2: Ground out 6-3 (Groundball, 6)
Top of the 7th over - 2 runs, 3 hits, 0 errors, 2 left on base; Irvine 4 - Maui 1
BOTTOM OF THE 7TH
Maui Tropics batting - Pitching for Irvine Gang Green : LHP Masutaro Koyama
Batting: LHB Ernesto López 0-0: Ball
1-0: Ball
2-0: SINGLE (Flyball, 9LS)
Batting: LHB Luis Antonio Torres 0-0: Ball
1-0: Fly out, F9 (Flyball, 89S)
Batting: RHB Michael Woodruff 0-0: Ball
1-0: Ball
2-0: Fly out, F8 (Flyball, 8LD)
Batting: LHB José Rivas 0-0: Ball
Ernesto López is caught stealing 2nd base
Bottom of the 7th over - 0 runs, 1 hit, 0 errors, 0 left on base; Irvine 4 - Maui 1
TOP OF THE 8TH
Irvine Gang Green batting - Pitching for Maui Tropics : RHP Manny Benavides
Pitching: RHP Archie Summers
Batting: SHB Carlos Córdova 0-0: Foul Ball, location: 2F
0-1: Ball
1-1: Ball
2-1: Ball
3-1: Base on Balls
Batting: LHB Tony Tavárez 0-0: Ball
1-0: Sac Bunt - play at first, batter OUT! 1-4
Carlos Córdova to second
Batting: LHB Francisco Cardenas 0-0: Ball
Carlos Córdova is caught stealing 3rd base
1-0: Ground out 3-1 (Groundball, 34)
Top of the 8th over - 0 runs, 0 hits, 0 errors, 0 left on base; Irvine 4 - Maui 1
BOTTOM OF THE 8TH
Maui Tropics batting - Pitching for Irvine Gang Green : LHP Masutaro Koyama
Pitching: RHP Raúl Saltines
Now in LF: Tyler Wagner
Batting: LHB José Rivas 0-0: Ball
1-0: Called Strike
1-1: Foul Ball, location: 2F
1-2: Ball
2-2: Strikes out swinging
Batting: RHB Matt Silver 0-0: Ball
1-0: DOUBLE (Line Drive, 78M)
Batting: RHB John Brown 0-0: Ball
1-0: Called Strike
1-1: Swinging Strike
1-2: Ball
2-2: Foul Ball, location: 2F
2-2: Ball
3-2: Ground out 6-3 (Groundball, 6)
Batting: RHB Roberto Gómez 0-0: Foul Ball, location: 2F
0-1: Swinging Strike
0-2: Strikes out swinging
Bottom of the 8th over - 0 runs, 1 hit, 0 errors, 1 left on base; Irvine 4 - Maui 1
TOP OF THE 9TH
Irvine Gang Green batting - Pitching for Maui Tropics : RHP Archie Summers
Batting: RHB Buck Jones 0-0: Ball
1-0: Called Strike
1-1: Ball
2-1: Ball
3-1: Ground out 4-3 (Groundball, 4)
Batting: LHB Víctor Quiñones 0-0: Ball
1-0: Called Strike
1-1: Swinging Strike
1-2: Ball
2-2: Fly out, F7 (Flyball, 7)
Batting: LHB Donovan Bird 0-0: Fly out, F6 (Popup, P)
Top of the 9th over - 0 runs, 0 hits, 0 errors, 0 left on base; Irvine 4 - Maui 1
BOTTOM OF THE 9TH
Maui Tropics batting - Pitching for Irvine Gang Green : RHP Raúl Saltines
Batting: LHB Dave Cook 0-0: Ball
1-0: Foul Ball, location: 2F
1-1: Foul Ball, location: 2F
1-2: Ball
2-2: Strikes out swinging
Batting: RHB Jesús Espinoza 0-0: Ground out 3-1 (Groundball, 34)
Batting: LHB Ernesto López 0-0: SINGLE (Line Drive, 9LS)
Batting: LHB Luis Antonio Torres 0-0: Ball
1-0: Fielders Choice at 2nd, 6-4 (Groundball, 6)
Bottom of the 9th over - 0 runs, 1 hit, 0 errors, 1 left on base; Irvine 4 - Maui 1
Saturday, December 16th, 2017 - OOTP Baseball 18.8 Build 76